Map: Interloper LE

Players

Urnoob - Winner!

  • Race: Terran Terran
  • League: Diamond
  • Spawn Location: 11:00

VOD

Have the link to the VOD?

Description

Time

  • Played on: Oct. 18, 2017, 5:55 a.m.
  • Length: 10:11
Show
View Real Time Build Order
Export as new Build Order

Urnoob Terran - Winner!

Build Orders: Reaper Expand, Bio Tank 

Get SALT Encoding   

  12  0:02  SCV  
  12  0:14  SCV  
  12  0:20  Supply Depot  
  12  0:26  SCV  
  12  0:42  SCV  
  12  0:43  Barracks  
  12  0:45  Refinery  
  12  0:54  SCV  
  12  1:06  SCV  
  12  1:18  SCV  
  12  1:31  Reaper, Orbital Command  
  12  1:47  Command Center  
  12  1:57  SCV  
  12  2:05  Marine  
  12  2:07  Factory  
  12  2:13  Supply Depot  
  12  2:16  SCV  
  12  2:24  Barracks Reactor  
  12  2:35  SCV  
  12  2:47  SCV  
  12  2:50  Command Center  
  12  2:59  SCV  
  12  3:00  Orbital Command  
  12  3:06  Hellion  
  12  3:10  Hellion  
  12  3:13  Barracks Tech Lab  
  12  3:22  SCV  
  12  3:27  Hellion  
  12  3:32  Hellion  
  12  3:34  SCV  
  12  3:35  SCV  
  12  3:39  Stimpack  
  12  3:41  Marine  
  12  3:46  SCV  
  12  3:49  Barracks  
  12  3:57  SCV  
  12  3:58  Barracks  
  12  4:02  SCV  
  12  4:04  Factory Tech Lab  
  12  4:05  Refinery  
  12  4:07  Refinery  
  12  4:13  Orbital Command  
  12  4:17  SCV  
  12  4:26  Siege Tank  
  12  4:27  SCV  
  12  4:32  Engineering Bay  
  12  4:33  SCV  
  12  4:35  Engineering Bay  
  12  4:39  SCV  
  12  4:40  Barracks Reactor  
  12  4:46  SCV x2  
  12  4:48  Marine  
  12  4:49  Marine  
  12  4:50  Marine  
  12  4:51  SCV  
  12  4:58  SCV, Terran Infantry Weapons Level 1  
  12  5:00  Terran Infantry Armor Level 1  
  12  5:04  SCV x2  
  12  5:08  Siege Tank  
  12  5:11  Supply Depot  
  12  5:12  SCV  
  12  5:16  Supply Depot, Orbital Command  
  12  5:33  Marine x5, SCV  
  12  5:34  SCV  
  12  5:35  Supply Depot  
  12  5:38  Refinery  
  12  5:40  Combat Shields  
  12  5:42  Siege Tank  
  12  5:45  SCV  
  12  5:46  Supply Depot  
  12  5:50  Marine, SCV  
  12  5:51  SCV, Starport  
  12  5:57  SCV  
  12  6:03  SCV x2  
  12  6:09  SCV  
  12  6:13  Barracks  
  12  6:14  Barracks  
  12  6:15  SCV x2  
  12  6:16  Armory  
  12  6:19  Barracks  
  12  6:26  Siege Tank  
  12  6:28  Starport Reactor  
  12  6:30  SCV x2  
  12  6:31  SCV  
  12  6:38  Refinery  
  12  6:39  Marine x4  
  12  6:40  Marine, Refinery  
  12  6:42  SCV  
  12  6:47  Supply Depot  
  12  6:48  Supply Depot  
  12  6:50  Supply Depot  
  12  6:52  SCV  
  12  6:57  Marine x3  
  12  6:58  Marine  
  12  7:04  Terran Infantry Weapons Level 2, Terran Infantry Armor Level 2  
  12  7:05  Barracks Reactor x2  
  12  7:08  SCV x2  
  12  7:09  SCV  
  12  7:16  Barracks Reactor  
  12  7:19  Marine  
  12  7:20  Marine x4  
  12  7:37  Marine, Supply Depot  
  12  7:38  Marine, Supply Depot x2  
  12  7:39  Marine x3, Supply Depot  
  12  7:40  Siege Tank  
  12  7:41  Medivac x2  
  12  7:51  Marine x3  
  12  7:52  Marine x3  
  12  7:55  Marine  
  12  8:01  Barracks x2  
  12  8:04  Barracks  
  12  8:08  Supply Depot  
  12  8:10  Supply Depot  
  12  8:12  Marine x3, Siege Tank  
  12  8:13  Marine x3  
  12  8:17  Medivac  
  12  8:18  Medivac  
  12  8:19  Marine  
  12  8:20  Marine  
  12  8:27  Supply Depot  
  12  8:30  Factory  
  12  8:37  Supply Depot  
  12  8:39  Marine x6, Supply Depot  
  12  8:40  Marine x2  
  12  8:43  Marauder  
  12  8:49  Siege Tank  
  12  8:51  Medivac  
  12  8:53  Medivac  
  12  9:04  Marauder  
  12  9:05  Marine  
  12  9:06  Marine x7  
  12  9:07  Barracks Tech Lab x3  
  12  9:14  SCV x2  
  12  9:15  SCV  
  12  9:27  Marine x9  
  12  9:28  Marauder x3  
  12  9:30  Medivac  
  12  9:31  Marauder, Medivac  
  12  9:32  Factory Tech Lab  
  12  9:33  Siege Tank  
Tags
 
Add a new tag
Caveats
  • Supply blocks, unpowered buildings, or Contaminate may cause inaccurate times.
  • Supply counts are checked every 10 seconds.